 Dungeon Sprint DCSS version 0.21.1-1-g345015f (webtiles) character file.

10164 wilfster70 the Imperceptible (level 11, -2/54 HPs)
             Began as a Spriggan Enchanter on Apr 3, 2018.
             Was the Champion of Dithmenos.
             Engulfed by a cloud of steam (4 damage)
             ... in the Dungeon (Sprint I: "Red Sonja").
             The game lasted 00:17:00 (1775 turns).

wilfster70 the Imperceptible (Spriggan Enchanter)   Turns: 1775, Time: 00:17:01

Health: -2/54      AC:  5    Str:  9    XL:     11   Next: 32%
Magic:  28/28      EV: 27    Int: 21    God:    Dithmenos [******]
Gold:   718        SH:  3    Dex: 16    Spells: 18/34 levels left

rFire    . . .     SeeInvis +   a - +1 dagger
rCold    . . .     Gourm    .   (shield restricted)
rNeg     . . .     Faith    .   n - +2 robe of the Locust {rCorr Str+5 Stlth+}
rPois    .         Spirit   .   (helmet restricted)
rElec    .         Reflect  +   p - +0 cloak
rCorr    +         Harm     .   (gloves unavailable)
MR       +....     NoTele   +   (boots unavailable)
Stlth    ++++++++++             k - +3 amulet of reflection
HPRegen  0.18/turn              e - +3 ring of evasion
MPRegen  0.21/turn              (no ring)

@: wreathed by umbra, very quick
A: very small, unfitting armour, see invisible, herbivore, speed 3, slow
metabolism 2
a: Shadow Step, Shadow Form, Renounce Religion


You were in the Dungeon.
You worshipped Dithmenos.
Dithmenos was exalted by your worship.
You were not hungry.

You visited 1 branch You collected 1991 gold pieces.
You spent 1273 gold pieces at shops.

Inventory:

Hand Weapons
 a - a +1 dagger (weapon)
 r - a +0 blowgun
Missiles
 s - 5 curare-tipped needles
Armour
 b - a +0 robe
 n - the +2 robe of the Locust (worn) {rCorr Str+5 Stlth+}
   (You bought it in a shop in the Dungeon)

   It affects your strength (+5).
   It protects you from acid and corrosion.
   It makes you more stealthy.
 p - a +0 cloak (worn)
Jewellery
 e - a +3 ring of evasion (left hand)
 k - a +3 amulet of reflection (around neck)
Wands
 o - a wand of iceblast (5)
Scrolls
 j - 2 scrolls of blinking
Potions
 f - a potion of heal wounds
 g - 3 potions of haste
 h - 2 potions of magic
 l - a potion of might {unknown}
 q - a potion of ambrosia {unknown}
 t - 5 potions of curing
Books
 c - a book of Maledictions

   Spells                             Type                      Level
   a - Corona                         Hexes                        1
   b - Ensorcelled Hibernation        Hexes/Ice                    2
   c - Confuse                        Hexes                        3
   d - Tukima's Dance                 Hexes                        3
   e - Dazzling Spray                 Conjuration/Hexes            3
 i - a book of Spatial Translocations

   Spells                             Type                      Level
   a - Blink                          Translocation                2
   b - Shroud of Golubria             Charms/Translocation         2
   c - Lesser Beckoning               Translocation                3
   d - Gell's Gravitas                Translocation                3
   e - Teleport Other                 Translocation                3
   f - Passage of Golubria            Translocation                4
 m - a book of Minor Magic

   Spells                             Type                      Level
   a - Magic Dart                     Conjuration                  1
   b - Blink                          Translocation                2
   c - Call Imp                       Summoning                    2
   d - Slow                           Hexes                        2
   e - Conjure Flame                  Conjuration/Fire             3
   f - Mephitic Cloud                 Conjuration/Poison/Air       3
Comestibles
 d - 5 rations


   Skills:
 - Level 4.5 Fighting
 - Level 7.9 Short Blades
 - Level 8.6 Dodging
 - Level 22.2 Stealth
 - Level 12.0 Spellcasting
 - Level 12.2 Hexes
 - Level 8.0 Charms
 + Level 8.0 Summonings
 - Level 8.8 Translocations
 - Level 8.0 Ice Magic


You had 18 spell levels left.
You knew the following spells:

 Your Spells              Type           Power        Failure   Level  Hunger
a - Corona                Hex            ######.      1%          1    None
b - Ensorcelled Hibernat  Hex/Ice        ######       1%          2    None
c - Confuse               Hex            ######..     1%          3    None
d - Blink                 Tloc           N/A          1%          2    None
e - Passage of Golubria   Tloc           N/A          1%          4    None
f - Call Imp              Summ           #####...     1%          2    None
g - Shroud of Golubria    Chrm/Tloc      #####.....   1%          2    None


Dungeon Overview and Level Annotations

Branches:
Dungeon (1/1)

Altars:
Cheibriados
Dithmenos
Elyvilon
Fedhas
Gozag
Hepliaklqana
Kikubaaqudgha
Makhleb
Nemelex Xobeh
Okawaru
Qazlal
Ru
Sif Muna
Trog
Uskayaw
Vehumet
Wu Jian
Xom
Yredelemnul
Zin
The Shining One
Jiyva
Lugonu

Shops:
D =!::=[(([=((}(%[*


Innate Abilities, Weirdness & Mutations

You are very small and have problems with some larger weapons.
You are too small for most types of armour.
You have supernaturally acute eyesight. (SInv)
You are a herbivore.
You cover ground extremely quickly.
You need consume almost no food.


Message History

You are engulfed in a cloud of scalding steam.
* * * LOW HITPOINT WARNING * * *
There is an open door here.
Really walk into that arrow trap?
You avoid triggering an arrow trap.
You are engulfed in a cloud of scalding steam.
* * * LOW HITPOINT WARNING * * *
There is an arrow trap here.
Really walk into that arrow trap?
You avoid triggering an arrow trap.
You are engulfed in a cloud of scalding steam.
* * * LOW HITPOINT WARNING * * *
There is an arrow trap here.
You are engulfed in a cloud of scalding steam.
* * * LOW HITPOINT WARNING * * *
There is an open door here.
Really walk into that cloud of steam?
Okay, then.
You are engulfed in a cloud of scalding steam.
You die...

###########################
#.(#§§.÷††.§§§§'@§#^^'§§§§#
##'#§####§§§.§##.§§^^#§§§§#
'..#§# ##.§.#######+#§§§§$#
#..'.# ###+# #§$§$§# #'####
##§§§§# .§...# §...§+
##.§§# .#..§#


There were no monsters in sight!

Vanquished Creatures
  2 centaur warriors (D)
  A hydra (D)
  Sonja (D)
  A deep troll (D)
  2 unseen horrors (D)
  A lindwurm (D)
  An oklob plant (D)
  A gargoyle (D)
  2 kobold demonologists (D)
  2 demonic crawlers (D)
  A slime creature (D)
  A hornet (D)
  Sigmund (D)
  2 redbacks (D)
  A yak (D)
  13 hogs (D)
  3 floating eyes (D)
  7 necrophages (D)
  An ogre (D)
  8 jellies (D)
  Ijyb (D)
  5 ballistomycetes (D)
58 creatures vanquished.

Vanquished Creatures (others)
  A gargoyle (D)
  2 ballistomycete spores (D)
3 creatures vanquished.

Grand Total: 61 creatures vanquished

Notes
Turn   | Place    | Note
-------+----------+-------------------------------------------
     0 | D        | wilfster70 the Spriggan Enchanter began the quest for the Orb.
     0 | D        | Reached XP level 1. HP: 9/9 MP: 5/5
     1 | D        | Noticed Ijyb
    11 | D        | Killed Ijyb
    11 | D        | Reached skill level 7 in Stealth
    11 | D        | Reached skill level 5 in Hexes
    11 | D        | Reached XP level 2. HP: 13/13 MP: 6/8
    46 | D        | Learned a level 2 spell: Ensorcelled Hibernation
    72 | D        | Noticed an ogre
    75 | D        | Killed an ogre
    75 | D        | Reached skill level 10 in Stealth
    75 | D        | Reached skill level 5 in Spellcasting
    75 | D        | Reached XP level 3. HP: 16/16 MP: 9/11
    75 | D        | Reached XP level 4. HP: 21/21 MP: 9/12
   100 | D        | Noticed Sigmund
   103 | D        | Killed Sigmund
   103 | D        | Reached skill level 12 in Stealth
   103 | D        | Reached XP level 5. HP: 24/24 MP: 12/15
   115 | D        | Found a deep blue altar of Sif Muna.
   116 | D        | Found an ornate altar of the Wu Jian Council.
   117 | D        | Found a radiant altar of Vehumet.
   120 | D        | Reached skill level 13 in Stealth
   120 | D        | Reached XP level 6. HP: 28/28 MP: 11/17
   176 | D        | Found Viwanew's Distillery.
   176 | D        | Found an ancient bone altar of Kikubaaqudgha.
   176 | D        | Found a hazy altar of Hepliaklqana.
   176 | D        | Found a stormy altar of Qazlal.
   176 | D        | Found a hide-covered altar of Uskayaw.
   176 | D        | Found a blossoming altar of Fedhas.
   176 | D        | Found a bloodstained altar of Trog.
   176 | D        | Found an iron altar of Okawaru.
   176 | D        | Found a basalt altar of Yredelemnul.
   176 | D        | Found a glowing golden altar of the Shining One.
   176 | D        | Found a snail-covered altar of Cheibriados.
   176 | D        | Found a sacrificial altar of Ru.
   176 | D        | Found a glowing silver altar of Zin.
   176 | D        | Found a shadowy altar of Dithmenos.
   176 | D        | Found a white marble altar of Elyvilon.
   176 | D        | Noticed a yak
   177 | D        | Found an opulent altar of Gozag.
   178 | D        | Killed a yak
   178 | D        | Reached skill level 14 in Stealth
   179 | D        | Found a sparkling altar of Nemelex Xobeh.
   185 | D        | Became a worshipper of Dithmenos the Shadowed
   193 | D        | Noticed Sonja
   197 | D        | Killed Sonja
   197 | D        | Reached skill level 16 in Stealth
   197 | D        | Reached skill level 10 in Hexes
   197 | D        | Reached XP level 7. HP: 32/32 MP: 19/21
   212 | D        | Found Lajif's Jewellery Boutique.
   220 | D        | Bought a +3 amulet of reflection for 204 gold pieces
   244 | D        | Noticed a deep troll
   247 | D        | Killed a deep troll
   247 | D        | Reached skill level 17 in Stealth
   247 | D        | Reached skill level 10 in Spellcasting
   247 | D        | Reached XP level 8. HP: 36/36 MP: 19/23
   257 | D        | Found Malleo's Armour Emporium.
   286 | D        | Noticed a centaur warrior
   287 | D        | Noticed a centaur warrior
   289 | D        | Killed a centaur warrior
   289 | D        | Reached * piety under Dithmenos
   289 | D        | Reached skill level 19 in Stealth
   289 | D        | Reached XP level 9. HP: 39/39 MP: 23/25
   291 | D        | Killed a centaur warrior
   291 | D        | Reached skill level 20 in Stealth
   323 | D        | Noticed an oklob plant
   325 | D        | Killed an oklob plant
   325 | D        | Reached ** piety under Dithmenos
   325 | D        | Reached skill level 1 in Fighting
   338 | D        | Reached skill level 5 in Dodging
   563 | D        | Reached *** piety under Dithmenos
   568 | D        | Noticed an unseen horror
   569 | D        | Noticed an unseen horror
   585 | D        | Killed an unseen horror
   585 | D        | Reached skill level 21 in Stealth
   585 | D        | Reached XP level 10. HP: 49/49 MP: 23/27
   590 | D        | Learned a level 3 spell: Confuse
   597 | D        | Killed an unseen horror
   597 | D        | Reached skill level 5 in Short Blades
   602 | D        | Reached **** piety under Dithmenos
   621 | D        | Reached ***** piety under Dithmenos
   644 | D        | Reached skill level 22 in Stealth
   819 | D        | Found Sigump's Book Shoppe.
   819 | D        | Found Onkung's Book Shop.
   819 | D        | Found Sapn's Jewellery Boutique.
   821 | D        | Found Iriyler's Armour Emporium.
   821 | D        | Found Sarch's Weapon Shop.
   821 | D        | Found Pibis's Antique Weapon Shoppe.
   821 | D        | Found Fiprughe's Antique Armour Boutique.
   821 | D        | Found Kaut Facu's Jewellery Emporium.
   821 | D        | Found Qesuw's Weapon Shop.
   821 | D        | Found Quzehaar's Antique Weapon Shoppe.
   823 | D        | Found Foint's Gadget Boutique.
   824 | D        | Found Inudd's Food Emporium.
   824 | D        | Found Paiga's Antique Weapon Boutique.
   825 | D        | Found Baaqopos's Assorted Antiques.
   839 | D        | Bought a brightly glowing robe for 159 gold pieces
   851 | D        | Identified the +2 robe of the Locust {rCorr Str+5 Stlth+} (You bought it in a shop in the Dungeon)
   857 | D        | Bought a book of Spatial Translocations for 650 gold pieces
   860 | D        | Learned a level 2 spell: Blink
   896 | D        | Found a viscous altar of Jiyva.
   896 | D        | Found a corrupted altar of Lugonu.
   897 | D        | Found a burning altar of Makhleb.
   897 | D        | Found a shimmering altar of Xom.
   903 | D        | Learned a level 2 spell: Shroud of Golubria
   918 | D        | Reached skill level 1 in Charms
   921 | D        | Reached skill level 5 in Translocations
   928 | D        | Reached ****** piety under Dithmenos
   928 | D        | Reached skill level 5 in Charms
  1081 | D        | Killed a gargoyle
  1177 | D        | Noticed a gargoyle
  1181 | D        | Killed a gargoyle
  1203 | D        | Noticed a lindwurm
  1205 | D        | Killed a lindwurm
  1211 | D        | Learned a level 4 spell: Passage of Golubria
  1267 | D        | Bought a book of Minor Magic for 260 gold pieces
  1270 | D        | Learned a level 2 spell: Call Imp
  1609 | D        | Reached skill level 1 in Summonings
  1609 | D        | Reached XP level 11. HP: 54/54 MP: 28/28
  1625 | D        | Reached skill level 5 in Summonings
  1745 | D        | Noticed a 12-headed hydra
  1747 | D        | Killed a 12-headed hydra
  1772 | D        | HP: 1/54 [something (6)]
  1775 | D        | Engulfed by a cloud of steam

Skill      XL: |  1  2  3  4  5  6  7  8  9 10 11 |
---------------+----------------------------------+-----
Stealth        | 7 10 12 13 16 17 19 21 22 | 22.2
Spellcasting   | 4 5 7 9 10 11 12 | 12.0
Hexes          | 5 6 7 10 11 12 | 12.2
Ice Magic      | 2 3 4 6 7 8 |  8.0
Fighting       | 3 4 |  4.5
Short Blades   | 4 7 |  7.9
Dodging        | 6 8 |  8.6
Translocations | 8 |  8.8
Charms         | 8 |  8.0
Summonings     | 1 8 |  8.0

Action                   |  1- 3 |  4- 6 |  7- 9 | 10-12 || total
-------------------------+-------+-------+-------+-------++-------
Melee: Dagger            |     9 |     4 |    14 |   132 ||   159
       Blowgun           |       |       |       |     3 ||     3
 Fire: Blowgun           |       |       |       |     1 ||     1
 Cast: Ensorcelled Hiber |       |     1 |     7 |    13 ||    21
       Confuse           |       |       |       |    11 ||    11
       Shroud of Golubri |       |       |       |     1 ||     1
  Use: Potion            |     1 |       |     1 |       ||     2
       Scroll            |       |       |       |     2 ||     2
 Stab: Sleeping          |     1 |     4 |    10 |    32 ||    47
       Confused          |       |       |       |     5 ||     5
Armor: Robe              |     1 |       |       |     1 ||     2
Dodge: Dodged            |     3 |       |     6 |    63 ||    72
Block: Other             |       |       |       |     6 ||     6
